 Dungeon Crawl Stone Soup version 0.17-a0-1648-g0a089d4 (webtiles) character file.

1302 karlkraus the Shield-Bearer (level 8, -4/69 HPs)
             Began as a Minotaur Fighter on Aug 12, 2015.
             Was an Initiate of Ru.
             Killed from afar by an orc wizard (9 damage)
             ... with a magic dart
             ... on level 5 of the Dungeon.
             The game lasted 00:12:33 (3654 turns).

karlkraus the Shield-Bearer (Minotaur Fighter)      Turns: 3654, Time: 00:12:33

Health: -4/69      AC:  8    Str: 20    XL:     8   Next: 31%
Magic:  7/7        EV: 12    Int:  5    God:    Ru [......]
Gold:   57         SH: 11    Dex: 13    Spells: 0 memorised, 7 levels left

rFire  . . .     SeeInvis .     a - +1 flail
rCold  . . .     Clarity  .     o - +1 ring mail {rPois}
rNeg   + + .     SustAt   .     c - +0 shield
rPois  +         Gourm    .     (helmet restricted)
rElec  .         Spirit   .     (no cloak)
rCorr  .         Warding  +     f - +0 pair of gloves
rMut   .         Stasis   .     (no boots)
MR     +....                    j - amulet of warding
Stlth  +.........               C - ring of protection from magic
                                x - ring of positive energy

@: somewhat resistant to hostile enchantments, very unstealthy
A: retaliatory headbutt, horns 2, mutation resistance 1, sense surroundings 1,
regeneration 1
a: Renounce Religion


You were on level 5 of the Dungeon.
You worshipped Ru.
Ru was noncommittal.
You were hungry.

You visited 2 branches of the dungeon, and saw 6 of its levels.
You also visited: Sewer.

You collected 200 gold pieces.
You spent 143 gold pieces at shops.

Inventory:

Hand weapons
 a - a +1 flail (weapon)
Armour
 c - a +0 shield (worn)
 f - a +0 pair of gloves (worn)
 o - a +1 ring mail of poison resistance (worn)
Jewellery
 j - an amulet of warding (around neck)
 x - a ring of positive energy (left hand)
 C - a ring of protection from magic (right hand)
Magical devices
 k - a wand of digging (7)
 y - a wand of frost (4)
Scrolls
 g - a scroll of blinking {unknown}
 p - 2 scrolls of teleportation
 q - a scroll of enchant weapon
 r - a scroll of silence {unknown}
 u - a scroll of remove curse
 w - a scroll of fog
Potions
 b - a potion of berserk rage
 d - a potion of haste
 m - 3 potions of curing
 n - a potion of magic
 s - a potion of agility
 z - 3 potions of flight
Comestibles
 e - 3 bread rations
 h - a chunk of flesh
 i - 4 meat rations
 l - a slice of pizza
 D - 2 fruits


   Skills:
 + Level 5.4 Fighting
 + Level 5.7 Maces & Flails
 + Level 5.7 Armour
 + Level 5.5 Dodging
 + Level 0.6 Stealth
 + Level 7.3 Shields


You had 7 spell levels left.
You didn't know any spells.

Dungeon Overview and Level Annotations

Branches:
Dungeon (5/15)             Temple (1/1) D:4

Altars:
Ashenzari
Dithmenos
Elyvilon
Fedhas
Kikubaaqudgha
Makhleb
Ru
Sif Muna
Trog
Vehumet
Xom
Yredelemnul
Zin
The Shining One

Shops:
D:4 !


Innate Abilities, Weirdness & Mutations

You reflexively headbutt those who attack you in melee.
You have a pair of horns on your head.
You are somewhat resistant to further mutation.
You passively map a small area around you.
Your natural rate of healing is unusually fast.


Message History

Unknown command.
You hit the orc priest.
The orc priest is lightly wounded.
The orc priest calls upon Beogh to heal the orc wizard.
The orc wizard is healed somewhat.
You block the orc wizard's attack.
You hit the orc priest. Your headbutt misses the orc priest.
The orc priest is moderately wounded.
The orc priest mumbles some strange prayers to Beogh against you.
Something smites you!
* * * LOW HITPOINT WARNING * * *
The orc wizard barely misses you. The orc priest misses you.
You sock the orc priest!
The orc priest is almost dead.
The orc wizard gestures wildly while chanting.
The orc wizard blinks!
You block the orc priest's attack.
You hit the orc priest.
You kill the orc priest!
The orc wizard gestures at you while chanting.
The magic dart hits you!
You die...

....†........#.........#.#
......................##.#
###...##.................##
#.#.##...##....##.......#
#.#......##.............#
....#..# ###....##......#
.........#..#.#[)##...#.#
......#,##.##..o##.##..##.#
..... ,###.@......#* *#
#.....# *, ##.#.#...##... ,
#.#.#........,, *,
#.......!.... * , ,
#............. ,
......>........
,............... , , , ,
............?.. , *
...............


You could see an orc wizard.

Vanquished Creatures
  The ghost of Ajdolov the Chopper, an experienced FoAK of Lugonu (D:4)
  Purgy (Sewer)
  An ogre (D:4)
  A centaur (D:5)
  The ghost of 4thArraOfDagon the Shield-Bearer, an average HaFi of Okawaru (Sewer)
  5 orc wizards
  A hound (D:4)
  3 orc priests
  A centaur skeleton (D:5)
  3 worker ants (D:4)
  Terence (D:2)
  An iguana (D:4)
  A hound skeleton (D:4)
  Robin (D:3)
  11 adders
  A river rat (D:3)
  A shadow imp (D:5)
  2 worms
  5 giant geckos
  14 orcs
  5 bats
  3 giant cockroaches
  21 goblins
  10 hobgoblins
  14 jackals
  12 kobolds
  3 quokkas
  3 ball pythons
  8 giant newts
  4 rats
139 creatures vanquished.

Notes
Turn   | Place    | Note
--------------------------------------------------------------
     0 | D:1      | karlkraus the Minotaur Fighter began the quest for the Orb.
     0 | D:1      | Reached XP level 1. HP: 19/19 MP: 0/0
   292 | D:1      | Reached XP level 2. HP: 27/27 MP: 1/1
   743 | D:2      | Reached skill level 4 in Armour
   773 | D:2      | Noticed Terence
   786 | D:2      | Reached XP level 3. HP: 29/33 MP: 2/2
   789 | D:2      | Killed Terence
   807 | D:2      | Reached skill level 1 in Dodging
   926 | D:2      | Reached XP level 4. HP: 40/40 MP: 3/3
   959 | D:2      | Found a shadowy altar of Dithmenos.
   960 | D:2      | Found a burning altar of Makhleb.
   960 | D:2      | Found a glowing silver altar of Zin.
   961 | D:2      | Noticed an angel
   961 | D:2      | Noticed a green death
  1136 | D:2      | Found a glowing golden altar of the Shining One.
  1516 | D:3      | Reached XP level 5. HP: 35/47 MP: 4/4
  1662 | D:3      | Reached skill level 5 in Shields
  1989 | D:3      | Found a glowing drain.
  2004 | Sewer    | Entered a sewer
  2009 | Sewer    | Noticed 4thArraOfDagon's ghost (average HaFi)
  2020 | Sewer    | Killed 4thArraOfDagon's ghost
  2020 | Sewer    | Reached XP level 6. HP: 20/53 MP: 5/5
  2099 | Sewer    | Noticed Purgy
  2115 | Sewer    | Killed Purgy
  2115 | Sewer    | Reached skill level 5 in Armour
  2613 | D:3      | Noticed Robin
  2630 | D:3      | Killed Robin
  2913 | D:4      | Found a staircase to the Ecumenical Temple.
  2940 | Temple   | Entered the Ecumenical Temple
  2979 | Temple   | Became a worshipper of Ru the Awakened
  3034 | D:4      | Reached XP level 7. HP: 57/60 MP: 6/6
  3069 | D:4      | Noticed Ajdolov's ghost (experienced FoAK)
  3097 | D:4      | Killed Ajdolov's ghost
  3097 | D:4      | Reached skill level 5 in Dodging
  3097 | D:4      | Reached skill level 6 in Shields
  3136 | D:4      | Reached skill level 5 in Maces & Flails
  3145 | D:4      | Gained mutation: You passively map a small area around you. [potion of beneficial mutation]
  3192 | D:4      | Found Lakku's Distillery.
  3197 | D:4      | Reached skill level 5 in Fighting
  3205 | D:4      | Bought a potion of berserk rage for 65 gold pieces
  3205 | D:4      | Bought a potion of flight for 39 gold pieces
  3205 | D:4      | Bought a potion of curing for 39 gold pieces
  3205 | D:4      | Gained mutation: You are somewhat resistant to further mutation. [potion of mutation]
  3205 | D:4      | Gained mutation: Your natural rate of healing is unusually fast. [potion of mutation]
  3431 | D:4      | Reached XP level 8. HP: 68/68 MP: 7/7
  3475 | D:5      | Entered Level 5 of the Dungeon
  3523 | D:5      | Reached skill level 7 in Shields
  3646 | D:5      | HP: 1/69 [orc priest/divine providence (10)]
  3654 | D:5      | Killed from afar by an orc wizard

Vault maps used:
D:1:      shiori_shiawase
D:2:      grunt_temple_overflow_order_and_chaos_2, tso_altar,
          grunt_dithmenos_smoke, uniq_terence
D:3:      kennysheep_goblin_castle, first_bread, gup_sewer_entry_bubbles,
          uniq_robin
D:4:      minmay_temple_entry_butterflies, serial_shops, nicolae_shop_crystal
D:5:      gammafunk_temple_overflow_wave
Temple:   eino_wide_crystal_templ_10
Sewer:    sewer_co_purgy_island

Action                   |  1- 3 |  4- 6 |  7- 9 || total
-------------------------+-------+-------+-------++-------
Melee: Flail             |    51 |   216 |   130 ||   397
  Use: Scroll            |     1 |       |     8 ||     9
       Potion            |       |     2 |     7 ||     9
  Eat: Chunk             |       |     7 |     2 ||     9
